 Dungeon Crawl Stone Soup version 0.29.1-2-gbd0b4ee654 (webtiles) character file.

Game seed: 10856414333987749126

3359 Icepheonix32 the Cleaver (level 9, -12/84 HPs)
             Began as a Minotaur Fighter on Oct 27, 2022.
             Was a Believer of Okawaru.
             Mangled by an orc warrior
             ... wielding a +0 halberd
              (13 damage)
             ... on level 7 of the Dungeon.
             The game lasted 00:05:55 (7747 turns).

Icepheonix32 the Cleaver (Minotaur Fighter)         Turns: 7747, Time: 00:05:56

Health: -12/84     AC:  9    Str: 22    XL:     9   Next: 73%
Magic:  19/19      EV: 13    Int:  7    God:    Okawaru [**....]
Gold:   384        SH:  0    Dex: 11    Spells: 8/8 levels left

rFire   + . .      SeeInvis .   S - +5 falchion (freeze)
rCold   . . .      Faith    .   J - orb {*Rage}
rNeg    . . .      Spirit   .   t - +2 leather armour {rF+}
rPois   .          Reflect  .   (helmet restricted)
rElec   .          Harm     .   I - +0 cloak
rCorr   .          Rampage  .   P - +0 pair of gloves
Will    .....      Rage     20% E - +0 pair of boots
Stlth   ++........              (no amulet)
HPRegen 0.24/turn               o - ring of magical power
MPRegen 0.16/turn               v - ring of flight

@: flying
A: horns 2, retaliatory headbutt
a: Renounce Religion, Heroism


You were on level 7 of the Dungeon.
You worshipped Okawaru.
Okawaru was pleased with you.
You visited 2 branches of the dungeon, and saw 8 of its levels.

You collected 423 gold pieces.
You spent 39 gold pieces at shops.

Inventory:

Hand Weapons
 a - a +0 war axe of draining
 H - a +2 quarterstaff of chaos
 M - a +1 vorpal flail
 R - a +4 long sword
 S - a +5 falchion of freezing (weapon)
 T - a +4 flail
Missiles
 B - 4 curare-tipped darts (quivered)
 N - a throwing net
Armour
 b - a +0 scale mail
 c - a +0 buckler
 d - the +2 plate armour of Ru's Fury {*Corrode +Inv rN+}
   (You took it off an orc warrior on level 7 of the Dungeon)

   rN:        It protects you from negative energy.
   +Inv:      It lets you turn invisible.
   *Corrode:  It may corrode you when you take damage.
 t - a +2 leather armour of fire resistance (worn)
 E - a +0 pair of boots (worn)
 I - a +0 cloak (worn)
 J - an orb of wrath (worn)
 P - a +0 pair of gloves (worn)
 Q - +0 steam dragon scales
Jewellery
 i - a ring of fire
 o - a ring of magical power (left hand)
 v - a ring of flight (right hand)
Wands
 r - a wand of polymorph (8)
 s - a wand of flame (9)
 y - a wand of acid (15)
 C - a wand of mindburst (15)
 F - a wand of paralysis (6)
Scrolls
 e - a scroll of torment {unknown}
 f - a scroll of enchant armour {unknown}
 g - 2 scrolls of amnesia {unknown}
 j - 4 scrolls of teleportation
 m - a scroll of blinking {unknown}
 n - a scroll of fog {unknown}
 p - a scroll of summoning {unknown}
 w - 2 scrolls of noise {unknown}
 z - 3 scrolls of identify
 A - a scroll of acquirement {unknown}
 G - a scroll of silence {unknown}
 K - a scroll of immolation {unknown}
 L - a scroll of vulnerability {unknown}
Potions
 h - a potion of flight {unknown}
 k - 3 potions of curing
 l - a potion of resistance {unknown}
 q - a potion of magic {unknown}
 u - 2 potions of mutation {unknown}
 x - 2 potions of lignification {unknown}
 D - 3 potions of attraction {unknown}
 O - a potion of brilliance {unknown}


   Skills:
 * Level 9.5 Fighting
 + Level 3.0 Long Blades
 - Level 9.9 Axes
 * Level 5.4 Armour
 + Level 4.3 Dodging
 + Level 2.5 Stealth
 + Level 5.4 Shields
 * Level 3.5 Invocations


You had 8 spell levels left.
You didn't know any spells.
Your spell library contained the following spells:

 Spells                   Type           Power      Damage    Failure   Level
 Slow                     Hex            0%         N/A       47%         1
 Ensorcelled Hibernation  Hex/Ice        0%         N/A       63%         2
 Confusing Touch          Hex            0%         N/A       85%         3
 Gell's Gravitas          Tloc           0%         N/A       85%         3
 Lesser Beckoning         Tloc           0%         N/A       85%         3
 Teleport Other           Tloc           0%         N/A       85%         3
 Vampiric Draining        Necr           0%         2d6       85%         3
 Metabolic Englaciation   Hex/Ice        0%         N/A       100%        5
 Summon Mana Viper        Hex/Summ       Unusable   N/A       N/A         5
 Summon Hydra             Summ           Unusable   N/A       N/A         7

Dungeon Overview and Level Annotations

Branches:
Dungeon (7/15)             Temple (1/1) D:6

Altars:
Ashenzari
Cheibriados
Dithmenos
Gozag
Hepliaklqana
Makhleb
Okawaru
Qazlal
Ru
Trog
Uskayaw
Vehumet
Yredelemnul
Zin

Shops:
D:4 *


Innate Abilities, Weirdness & Mutations

You have a pair of horns on your head.
You reflexively headbutt those who attack you in melee.


Message History

You are too injured to fight recklessly!
You are too injured to fight recklessly!
You are too injured to fight recklessly!
You are too injured to fight recklessly!
You are too injured to fight recklessly!
You are too injured to fight recklessly!
You are too injured to fight recklessly!
You are too injured to fight recklessly!
You are too injured to fight recklessly!
You are too injured to fight recklessly!
You are too injured to fight recklessly!
You are too injured to fight recklessly!
You are too injured to fight recklessly!
You are too injured to fight recklessly!
You are too injured to fight recklessly!
You are too injured to fight recklessly!
You are too injured to fight recklessly!
You are too injured to fight recklessly!
You are too injured to fight recklessly!
You are too injured to fight recklessly!
Unknown command.
The orc warrior unwields a +0 arbalest.
The orc warrior wields a +0 halberd.
The orc warrior hits you with a +0 halberd.
You hit the orc warrior. You freeze the orc warrior.
You headbutt the orc warrior.
The orc warrior is heavily wounded.
The orc warrior misses you.
You hit the orc warrior but do no damage.
The orc warrior is heavily wounded.
The orc warrior hits you with a +0 halberd!!
* * * LOW HITPOINT WARNING * * *
You hit the orc warrior. You freeze the orc warrior.
Your headbutt misses the orc warrior.
The orc warrior is heavily wounded.
The orc warrior hits you with a +0 halberd!
* * * LOW HITPOINT WARNING * * *
You hit the orc warrior. You freeze the orc warrior.
The orc warrior is severely wounded.
The orc warrior hits you with a +0 halberd!
You die...

.......#...# #.#....8########
.......#...####.##....#.....8#
..............#.##....#..##..#
.......###............#..#8..#
...........#..#.###...#..##..#
..............#.###...#.#...)#
.......##^.....)......'.#...[#
.....#.##.#.#..)###..)'.#.8)_#
.....#.##.#...#o@.....).#....#
.....................)#.#....#
..<..#.#..#.......<#..#..##..#
#......#..#...........#..#8..#
.[.....#..#.##........#..##..#
#.........#.##........#..)..8#
#......>#.#.##.......8########
#.......#.#)########.#.......#
#.......#.#.#........#.......#


You could see an orc warrior.

Vanquished Creatures
  The ghost of Ychaviel the Carver, a novice DjGl (D:7)
  A hornet (D:5)
  Grinder (D:5)
  A wyvern (D:7)
  A steam dragon (D:7)
  A warg (D:7)
  A black bear (D:7)
  An ice beast (D:4)
  2 orc warriors (D:7)
  A sky beast (D:7)
  3 ogres
  A centaur (D:7)
  2 phantoms
  A necrophage (D:6)
  2 bullfrogs
  A scorpion (D:5)
  4 wights (D:7)
  3 hounds
  2 orc priests (D:7)
  Crazy Yiuf (D:5)
  A gnoll bouda (D:6)
  5 iguanas
  Ijyb (D:3)
  An orc wizard (D:5)
  8 gnolls
  6 adders
  A white imp (D:7)
  3 ufetubi
  2 worms
  4 dart slugs
  14 orcs
  5 ball pythons
  9 endoplasms
  3 giant cockroaches
  10 goblins
  2 hobgoblins (D:3)
  6 jackals
  12 kobolds
  5 quokkas
  4 bats
  A frilled lizard (D:2)
  3 rats
137 creatures vanquished.

Vanquished Creatures (others)
  A fungus (D:2)
1 creature vanquished.

Grand Total: 138 creatures vanquished

Notes
Turn   | Place    | Note
-------+----------+-------------------------------------------
     0 | D:1      | Icepheonix32 the Minotaur Fighter began the quest for the
                  | Orb.
     0 | D:1      | Reached XP level 1. HP: 19/19 MP: 0/0
   199 | D:1      | Reached XP level 2. HP: 24/27 MP: 1/1
   884 | D:2      | Reached XP level 3. HP: 31/33 MP: 2/2
  1288 | D:2      | Found a faded altar of an unknown god.
  1367 | D:3      | Reached XP level 4. HP: 26/41 MP: 3/3
  1563 | D:3      | Found a snail-covered altar of Cheibriados.
  1564 | D:3      | Noticed Ijyb
  1570 | D:3      | Killed Ijyb
  1670 | D:3      | Got Sif Muna's Commentary on Amassed Hoarfrost
  1778 | D:3      | Found a bloodstained altar of Trog.
  2102 | D:4      | Reached XP level 5. HP: 41/47 MP: 4/4
  2173 | D:4      | Found Biunomon's Assorted Antiques.
  2173 | D:4      | Noticed a phantom
  2180 | D:4      | Killed a phantom
  2181 | D:4      | Reached skill level 5 in Fighting
  2181 | D:4      | Reached skill level 1 in Dodging
  2182 | D:4      | Bought a clear potion for 18 gold pieces
  2182 | D:4      | Bought a scroll labelled WIXYEB JEZI for 21 gold pieces
  2579 | D:4      | Noticed an ice beast
  2588 | D:4      | Killed an ice beast
  2589 | D:4      | Reached skill level 5 in Axes
  2589 | D:4      | Reached XP level 6. HP: 41/56 MP: 5/5
  2746 | D:4      | Found a hazy altar of Hepliaklqana.
  2746 | D:4      | Found a shadowy altar of Dithmenos.
  2748 | D:4      | Noticed a shadow
  3218 | D:5      | Entered Level 5 of the Dungeon
  3239 | D:5      | Noticed a hornet
  3245 | D:5      | Killed a hornet
  3246 | D:5      | Reached XP level 7. HP: 42/63 MP: 6/6
  3413 | D:5      | Found a runed translucent door.
  3414 | D:5      | Noticed Crazy Yiuf
  3957 | D:5      | Reached skill level 1 in Stealth
  4179 | D:5      | Noticed Grinder
  4191 | D:5      | Killed Grinder
  4192 | D:5      | Reached XP level 8. HP: 42/73 MP: 7/7
  4428 | D:5      | Reached skill level 5 in Shields
  4904 | D:5      | Killed Crazy Yiuf
  4960 | D:6      | Found a sacrificial altar of Ru.
  5202 | D:6      | Reached skill level 5 in Armour
  5346 | D:6      | Found a staircase to the Ecumenical Temple.
  5365 | Temple   | Entered the Ecumenical Temple
  6092 | Temple   | Became a worshipper of Warmaster Okawaru
  6444 | D:7      | Reached skill level 1 in Invocations
  6645 | D:7      | Reached XP level 9. HP: 81/81 MP: 9/9
  6763 | D:7      | Found a runed translucent gate.
  6764 | D:7      | Found a runed translucent gate.
  6764 | D:7      | Noticed Ychaviel's ghost (novice DjGl)
  6765 | D:7      | Found a runed translucent gate.
  6810 | D:7      | Reached * piety under Okawaru
  7118 | D:7      | Identified the +2 plate armour of Ru's Fury {*Corrode +Inv
                  | rN+}
  7297 | D:7      | Reached skill level 1 in Long Blades
  7629 | D:7      | Killed Ychaviel's ghost
  7629 | D:7      | Reached ** piety under Okawaru
  7746 | D:7      | HP: 1/84 [orc warrior/+0 halberd (14)]
  7747 | D:7      | Mangled by an orc warrior

Illustrated notes

Levels and vault maps discovered:
D:1:      dpeg_arrival_erosion, layout_loops_ring, minmay_close_crescents
D:2:      layout_rooms, shapermc_ecumenical_altar_acropolis
D:3:      layout_rooms, lightli_temple_of_fire, cheibriados_altar_1,
          palyth_stone_intersect, uniq_ijyb
D:4:      layout_loops_corners, riverfiend_overflow_shadow_ancestor,
          serial_shops, shop, grunt_ministairs_9, st_stairs_5, kennysheep_potato
D:5:      layout_gridville, uniq_grinder, uniq_crazy_yiuf_cottage
D:6:      layout_loops_ring, nicolae_ru_sacrificial_ziggurat,
          minmay_temple_entry_mini_moons
D:7:      layout_basic, biasface_ghost_orc_armoury
Temple:   chequers_temple_sunken

Skill      XL: |  1  2  3  4  5  6  7  8  9 |
---------------+----------------------------+-----
Fighting       | 4 5 6 7 8 9 |  9.5
Shields        | 4 5 |  5.4
Armour         | 4 5 |  5.4
Axes           | 3 5 6 7 9 |  9.9
Dodging        | 1 2 3 4 |  4.3
Stealth        | 1 2 |  2.5
Invocations    | 1 3 |  3.5
Long Blades    | 3 |  3.0

Action                   |  1- 3 |  4- 6 |  7- 9 || total
-------------------------+-------+-------+-------++-------
Melee: War axe           |    82 |    86 |   136 ||   304
       Headbutt          |     8 |     9 |    34 ||    51
       Falchion          |       |       |    42 ||    42
Evoke: Wand              |       |       |     1 ||     1
  Use: Scroll            |       |     4 |     1 ||     5
       Potion            |       |       |     2 ||     2
Armor: Scale mail        |    36 |     4 |       ||    40
       Leather armour    |       |    22 |    57 ||    79
Dodge: Dodged            |    36 |    43 |   103 ||   182
Block: Buckler           |    15 |    22 |    15 ||    52
